 Dungeon Crawl Stone Soup version 0.21.1-1-g345015f (webtiles) character file.

26849 iamserjio the Nimble (level 13, -12/88 HPs)
             Began as an Octopode Monk on Apr 5, 2018.
             Was a High Priest of Dithmenos.
             Killed from afar by a war gargoyle (53 damage)
             ... with a spray of metal splinters
             ... on level 12 of the Dungeon.
             The game lasted 02:29:44 (17811 turns).

iamserjio the Nimble (Octopode Monk)               Turns: 17811, Time: 02:29:45

Health: -12/88     AC:  2    Str: 15    XL:     13   Next: 28%
Magic:  21/21      EV: 32    Int: 14    God:    Dithmenos [*****.]
Gold:   176        SH:  0    Dex: 28    Spells: 20/22 levels left

rFire    + . .     SeeInvis +   s - +4 short sword (drain)
rCold    . . .     Gourm    .   (no shield)
rNeg     + . .     Faith    .   i - +0 hat {SInv}
rPois    +         Spirit   .   y - amulet of rage
rElec    .         Reflect  .   g - ring of positive energy
rCorr    .         Harm     .   T - ring "Zotam" {Int+2 Dex+4}
MR       .....                  X - +4 ring of strength
Stlth    +++++++++.             B - +3 ring of evasion
HPRegen  0.24/turn              F - ring of protection from fire
MPRegen  0.17/turn              D - ring of poison resistance
                                n - +5 ring of dexterity
                                E - +1 ring of protection

@: very slightly contaminated, wreathed by umbra
A: almost no armour, stealthy swim, amphibious, 8 rings, constrict 8, camouflage
1, gelatinous body 1
a: Shadow Step, Shadow Form, Renounce Religion, Evoke Berserk Rage


You were on level 12 of the Dungeon.
You worshipped Dithmenos.
Dithmenos was extremely pleased with you.
You were hungry.

You visited 4 branches of the dungeon, and saw 17 of its levels.

You collected 1355 gold pieces.
You spent 1179 gold pieces at shops.

Inventory:

Hand Weapons
 d - a +0 dagger of holy wrath
 k - the +4 quarterstaff of Grandeur {drain, MR+}
   (You found it on level 5 of the Dungeon)

   A truly terrible weapon, it drains the life of those it strikes.
   It affects your resistance to hostile enchantments.
 s - a +4 short sword of draining (weapon)
 t - a +1 vampiric trident
 w - a +1 flail of protection
 C - a +0 antimagic glaive
 K - a +3 falchion of electrocution
 N - a +0 dagger of venom
Missiles
 u - 132 sling bullets
 V - 163 arrows
Armour
 i - a +0 hat of see invisible (worn)
Magical Staves
 Z - an uncursed staff of cold
Jewellery
 a - an uncursed ring of protection from fire
 g - a ring of positive energy (left tentacle)
 n - a +5 ring of dexterity (on tentacle)
 o - an uncursed ring of see invisible
 v - an uncursed ring of protection from fire
 y - an amulet of rage (around mantle)
 B - a +3 ring of evasion (on tentacle)
 D - a ring of poison resistance (on tentacle)
 E - a +1 ring of protection (on tentacle)
 F - a ring of protection from fire (on tentacle)
 H - a cursed ring of positive energy
 O - an uncursed amulet of magic regeneration
 T - the ring "Zotam" (right tentacle) {Int+2 Dex+4}
   (You bought it in a shop on level 11 of the Dungeon)

   [ring of intelligence]

   It affects your intelligence (+2).
   It affects your dexterity (+4).
 X - a +4 ring of strength (on tentacle)
Wands
 l - a wand of enslavement (6)
 J - a wand of polymorph (27)
 P - a wand of disintegration (31)
Scrolls
 e - 3 scrolls of fog
 f - 9 scrolls of teleportation
 j - a scroll of magic mapping
 m - 2 scrolls of amnesia
 p - 10 scrolls of remove curse
 x - 4 scrolls of enchant weapon
 L - a scroll of blinking
 M - a scroll of torment {unknown}
 Q - a scroll of fear {unknown}
 R - a scroll of summoning
 W - a scroll of enchant armour {unknown}
Potions
 c - 8 potions of ambrosia
 q - 2 potions of brilliance
 r - 2 potions of flight {unknown}
 z - a potion of might
 A - a potion of cancellation {unknown}
 G - a potion of resistance
 I - 2 potions of degeneration {unknown}
Books
 h - a book of Minor Magic

   Spells                             Type                      Level
   a - Magic Dart                     Conjuration                  1
   b - Blink                          Translocation                2
   c - Call Imp                       Summoning                    2
   d - Slow                           Hexes                        2
   e - Conjure Flame                  Conjuration/Fire             3
   f - Mephitic Cloud                 Conjuration/Poison/Air       3
 S - the Handbook of Glacial Fire
   (You found it on level 10 of the Dungeon)

   Spells                             Type                      Level
   a - Freeze                         Ice                          1
   b - Throw Flame                    Conjuration/Fire             2
   c - Ensorcelled Hibernation        Hexes/Ice                    2
   d - Ice Form                       Ice/Transmutation            4
   e - Bolt of Magma                  Conjuration/Fire/Earth       5
   f - Bolt of Cold                   Conjuration/Ice              6
 Y - a book of Misfortune

   Spells                             Type                      Level
   a - Confusing Touch                Hexes                        1
   b - Confuse                        Hexes                        3
   c - Gell's Gravitas                Translocation                3
   d - Petrify                        Transmutation/Earth          4
   e - Metabolic Englaciation         Hexes/Ice                    5
   f - Yara's Violent Unravelling     Hexes/Transmutation          5
Comestibles
 b - 22 rations


   Skills:
 - Level 8.0 Fighting
 + Level 6.6 Short Blades
 - Level 4.6 Staves
 * Level 14.3 Dodging
 - Level 8.0 Stealth
 - Level 5.0 Spellcasting
 - Level 11.5 Invocations


You had 20 spell levels left.
You knew the following spells:

 Your Spells              Type           Power        Failure   Level  Hunger
a - Blink                 Tloc           N/A          26%         2    ##.....


Dungeon Overview and Level Annotations

Branches:
Dungeon (13/15)            Temple (1/1) D:6            Lair (0/6) D:11
    Orc (2/2) D:12            Elf (1/3) Orc:2
 Vaults: D:13-14

Altars:
Ashenzari
Cheibriados
Dithmenos
Elyvilon
Fedhas
Gozag
Hepliaklqana
Kikubaaqudgha
Makhleb
Nemelex Xobeh
Okawaru
Qazlal
Ru
Sif Muna
Trog
Uskayaw
Vehumet
Wu Jian
Xom
Yredelemnul
Zin
The Shining One
Beogh

Shops:
D:6 (   D:8 *   D:11 =   Orc:2 =

Annotations:
D:2 Sigmund
D:4 empire's ghost, amateur GnGl
D:11 Sonja


Innate Abilities, Weirdness & Mutations

You cannot wear most types of armour.
You are very stealthy in the water. (Stealth+)
You are amphibious.
You can wear up to eight rings at the same time.
You can use your tentacles to constrict eight enemies at once.
Your skin changes colour to match your surroundings (Stealth+).
Your rubbery body absorbs attacks. (AC +1, EV +1)


Message History

Found a stone staircase leading up. 8 gargoyles come into view.
A gargoyle is wielding a flail of protection.
A war gargoyle comes into view.
It is wielding a morningstar of holy wrath.
The war gargoyle launches metal splinters at you.
The spray of metal splinters hits you!
Ouch! That really hurt!
You emit a cloud of dark smoke.
Remove which piece of jewellery? (? for menu, Esc to quit)
Okay, then.
Blink to where?
Press: ? - help, Dir - move target cursor You are very lightly contaminated with residual magic.
As you read the scroll of blinking, it crumbles to dust.
Things that are here:
a short sword; a +0 great sword of electrocution The war gargoyle launches metal splinters at you.
The spray of metal splinters hits you!
Ouch! That really hurt!
You die...

#.###.## ## #.#
#.### #.# #.#.#
######.# #.#.#
#.).9..# #.#[# #
#9###### #.#.# #
#.# #.#.# # #.#
##.#>## # #@#
#.....#### #.#
#.#....... #.#
#.#....... #<#
#.#...#### #.#
#.#...# # #.#
#.#...# #
#.#######.#...####
#.......).........
#########.........


You could see a war gargoyle.

Vanquished Creatures
  Gastronok (D:8)
  Nessos (D:12)
  Erolcha (D:11)
  Fannar (D:12)
  A queen ant (D:10)
  3 two-headed ogres
  A death yak (D:10)
  Urug (D:11)
  Nergalle (D:12)
  3 unseen horrors
  A wizard (D:12)
  An orc knight (Orc:1)
  An ugly thing (D:12)
  2 cyclopes
  The ghost of kae the Conjurer, a novice TeFE of Vehumet (D:6)
  A gargoyle (D:10)
  6 trolls
  A hornet (D:9)
  2 slime creatures (D:12)
  2 hippogriffs
  A spriggan (D:10)
  2 wraiths (D:10)
  2 wyverns
  6 humans (D:6)
  2 wargs (Orc:1)
  An acid dragon (D:11)
  6 soldier ants (D:10)
  A black bear (D:9)
  A porcupine (D:11)
  17 orc warriors
  2 sky beasts
  10 ogres
  6 ice beasts
  3 phantoms
  9 centaurs
  6 bullfrogs
  A big kobold (D:9)
  2 wyvern skeletons
  3 scorpions
  25 killer bees
  An electric eel (D:8)
  3 bullfrog zombies
  8 crimson imps
  2 bullfrog skeletons
  2 centaur skeletons
  8 hounds
  13 orc priests
  3 jellies
  20 orc wizards
  Jessica (D:2)
  A gnoll shaman (D:10)
  5 iguanas
  Ijyb (D:3)
  28 worker ants
  Robin (D:3)
  5 gnolls
  8 adders
  3 shadow imps
  2 adder skeletons
  A dart slug (D:1)
  3 leopard geckos
  61 orcs
  2 bats
  4 giant cockroaches
  13 hobgoblins
  4 jackals
  3 quokkas
  A ball python (D:4)
  A frilled lizard (D:1)
  11 goblins
  7 kobolds
  A leopard gecko skeleton (D:7)
  10 rats
375 creatures vanquished.

Notes
Turn   | Place    | Note
-------+----------+-------------------------------------------
     0 | D:1      | iamserjio the Octopode Monk began the quest for the Orb.
     0 | D:1      | Reached XP level 1. HP: 16/16 MP: 1/1
    89 | D:1      | Reached XP level 2. HP: 20/21 MP: 2/2
   692 | D:1      | Reached XP level 3. HP: 26/26 MP: 3/3
   792 | D:2      | Noticed Sigmund
   928 | D:2      | Noticed Jessica
   932 | D:2      | Killed Jessica
  1003 | D:2      | Reached XP level 4. HP: 31/31 MP: 4/4
  1149 | D:3      | Found a snail-covered altar of Cheibriados.
  1153 | D:3      | Found a blossoming altar of Fedhas.
  1160 | D:3      | Found a glowing golden altar of the Shining One.
  1224 | D:3      | Found a hazy altar of Hepliaklqana.
  1255 | D:3      | Noticed Robin
  1278 | D:3      | Killed Robin
  1346 | D:3      | Reached skill level 4 in Dodging
  1707 | D:3      | Noticed Ijyb
  1718 | D:3      | Killed Ijyb
  1718 | D:3      | Reached XP level 5. HP: 27/36 MP: 5/5
  1865 | D:3      | Found a deep blue altar of Sif Muna.
  2456 | D:4      | Reached XP level 6. HP: 34/42 MP: 6/6
  2719 | D:4      | Found a hide-covered altar of Uskayaw.
  2759 | D:4      | Noticed a phantom
  2825 | D:4      | Killed a phantom
  2825 | D:4      | Reached skill level 5 in Short Blades
  2825 | D:4      | Reached skill level 5 in Dodging
  3127 | D:4      | Reached skill level 5 in Stealth
  3180 | D:4      | Reached XP level 7. HP: 25/46 MP: 7/7
  3362 | D:4      | Noticed empire's ghost (amateur GnGl)
  3506 | D:5      | Entered Level 5 of the Dungeon
  3515 | D:5      | Got a translucent quarterstaff
  3518 | D:5      | Identified the +4 quarterstaff of Grandeur {drain, MR+} (You found it on level 5 of the Dungeon)
  4188 | D:6      | You fall through a shaft!
  4268 | D:7      | Reached skill level 6 in Dodging
  4620 | D:7      | Reached XP level 8. HP: 54/54 MP: 8/8
  4936 | D:6      | Reached skill level 7 in Dodging
  5050 | D:6      | Found a staircase to the Ecumenical Temple.
  5058 | Temple   | Entered the Ecumenical Temple
  5089 | Temple   | Became a worshipper of Dithmenos the Shadowed
  5089 | Temple   | Reached * piety under Dithmenos
  5089 | Temple   | Reached ** piety under Dithmenos
  5134 | D:6      | Found Viteattoxo's Weapon Shoppe.
  5245 | D:6      | Reached skill level 5 in Fighting
  5245 | D:6      | Reached skill level 8 in Dodging
  5272 | D:6      | Reached XP level 9. HP: 41/61 MP: 9/9
  5297 | D:6      | Reached skill level 9 in Dodging
  5767 | D:6      | Noticed kae's ghost (novice TeFE)
  6006 | D:6      | Killed kae's ghost
  6404 | D:7      | Reached skill level 10 in Dodging
  6591 | D:8      | Noticed Gastronok
  6662 | D:8      | Got a pair of faintly glowing boots
  6800 | D:8      | Reached skill level 1 in Invocations
  7029 | D:8      | Found Gealuh's Assorted Antiques.
  7037 | D:8      | Bought a dented jade amulet for 125 gold pieces
  7037 | D:8      | Bought a scroll of identify for 50 gold pieces
  7037 | D:8      | Bought a glass wand for 100 gold pieces
  7037 | D:8      | Bought a scroll of identify for 50 gold pieces
  7037 | D:8      | Bought a blue potion for 22 gold pieces
  7073 | D:8      | Reached XP level 10. HP: 71/71 MP: 11/11
  7675 | D:8      | Killed Gastronok
  7675 | D:8      | Reached skill level 11 in Dodging
  7675 | D:8      | Reached skill level 5 in Invocations
  8238 | D:9      | Reached *** piety under Dithmenos
  8243 | D:9      | Found a white marble altar of Elyvilon.
  8249 | D:9      | Found a glowing silver altar of Zin.
  8294 | D:9      | Learned a level 2 spell: Blink
  8622 | D:9      | Found a shadowy altar of Dithmenos.
  8634 | D:9      | Reached skill level 1 in Spellcasting
  8810 | D:9      | Reached XP level 11. HP: 65/77 MP: 15/15
  9194 | D:10     | Entered Level 10 of the Dungeon
  9271 | D:10     | Reached skill level 12 in Dodging
  9435 | D:10     | Noticed a two-headed ogre
  9443 | D:10     | Killed a two-headed ogre
  9954 | D:10     | Reached **** piety under Dithmenos
 10029 | D:10     | Noticed an unseen horror
 10046 | D:10     | Identified the Handbook of Glacial Fire
 10065 | D:10     | Killed an unseen horror
 10542 | D:10     | Noticed a cyclops
 10900 | D:10     | Killed a cyclops
 10998 | D:10     | Noticed a two-headed ogre
 11007 | D:10     | Noticed a queen ant
 11051 | D:9      | Killed a two-headed ogre
 11471 | D:10     | Killed a queen ant
 11890 | D:11     | Noticed a death yak
 11890 | D:11     | Noticed Erolcha
 11925 | D:11     | Found a glowing golden altar of the Shining One.
 12025 | D:11     | Noticed Urug
 12202 | D:11     | Noticed an eight-headed hydra
 12202 | D:11     | Noticed Sonja
 12234 | D:10     | Reached XP level 12. HP: 80/82 MP: 18/18
 12263 | D:11     | Found Wiyteory's Jewellery Boutique.
 12276 | D:11     | Reached skill level 1 in Staves
 12276 | D:11     | Reached skill level 13 in Dodging
 12405 | D:11     | Killed Erolcha
 12425 | D:11     | Noticed a death yak
 12427 | D:11     | Found a staircase to the Lair.
 12429 | D:11     | Noticed a death yak
 12497 | D:10     | Killed a death yak
 12733 | D:11     | Killed Urug
 13054 | D:12     | Noticed a two-headed ogre
 13073 | D:12     | Killed a two-headed ogre
 13073 | D:12     | Reached ***** piety under Dithmenos
 13211 | D:12     | Reached skill level 10 in Invocations
 13240 | D:12     | Noticed Fannar
 13506 | D:12     | Noticed Nessos
 13549 | D:12     | Noticed Nergalle
 13563 | D:12     | Killed Nergalle
 14041 | D:12     | Killed Fannar
 14281 | D:12     | Found a staircase to the Orcish Mines.
 14287 | Orc:1    | Entered Level 1 of the Orcish Mines
 14355 | Orc:2    | Entered Level 2 of the Orcish Mines
 14355 | Orc:2    | Found a staircase to the Elven Halls.
 14362 | Orc:2    | Reached skill level 5 in Spellcasting
 15465 | Orc:1    | Reached XP level 13. HP: 88/88 MP: 21/21
 15708 | Orc:1    | Found a roughly hewn altar of Beogh.
 15810 | Orc:2    | Found Wuwic's Jewellery Boutique.
 15913 | Elf:1    | Entered Level 1 of the Elven Halls
 16538 | D:12     | Reached skill level 14 in Dodging
 16770 | D:12     | Killed Nessos
 17456 | D:11     | Bought a +5 ring of dexterity for 535 gold pieces
 17456 | D:11     | Bought the ring "Zotam" {Int+2 Dex+4} for 297 gold pieces
 17789 | D:12     | Noticed a war gargoyle
 17811 | D:12     | Killed from afar by a war gargoyle

Skill      XL: |  1  2  3  4  5  6  7  8  9 10 11 12 13 |
---------------+----------------------------------------+-----
Stealth        | 3 4 5 6 7 8 |  8.0
Short Blades   | 4 5 6 |  6.6
Dodging        | 4 5 6 8 10 11 12 13 14 | 14.3
Fighting       | 5 7 8 |  8.0
Invocations    | 2 6 9 10 11 | 11.5
Spellcasting   | 1 4 5 |  5.0
Staves         | 4 |  4.6

Action                   |  1- 3 |  4- 6 |  7- 9 | 10-12 | 13-15 || total
-------------------------+-------+-------+-------+-------+-------++-------
Melee: Short sword       |    43 |   127 |       |    97 |   186 ||   453
       Constrict         |     8 |    20 |    30 |   113 |    24 ||   195
       Tentacles         |     5 |    19 |    36 |   166 |    66 ||   292
       Quarterstaff      |       |       |   195 |   595 |     1 ||   791
       Falchion          |       |       |       |     7 |       ||     7
Evoke: Wand              |       |       |       |     6 |     2 ||     8
  Use: Potion            |       |     1 |       |     6 |     6 ||    13
       Scroll            |       |       |    11 |     5 |     4 ||    20
 Stab: Sleeping          |    12 |    10 |    21 |    25 |     4 ||    72
       Distracted        |     1 |       |     2 |     7 |       ||    10
  Eat: Chunk             |       |     7 |     9 |    24 |     7 ||    47
       Ration            |       |       |     1 |     1 |       ||     2
Armor: Skin              |     1 |     2 |     2 |    13 |     4 ||    22
Dodge: Dodged            |    17 |    59 |   195 |   901 |   228 ||  1400
       Rpst.: Falchion   |       |       |       |     3 |       ||     3
